 Dungeon Crawl Stone Soup version 0.23.2-30-g0e89c35649 (webtiles) character file.

Game seed: 8776769100233852634

1093 sankara the Conjurer (level 8, -2/57 HPs)
             Began as a White Draconian Fire Elementalist on June 22, 2019.
             Killed from afar by an orc wizard (4 damage)
             ... with a puff of frost
             ... on level 5 of the Dungeon.
             The game lasted 00:22:00 (5228 turns).

sankara the Conjurer (DrFE)                         Turns: 5228, Time: 00:22:00

Health: -2/57      AC:  6    Str: 11    XL:     8   Next: 9%
Magic:  10/14      EV: 12    Int: 20    God:
Gold:   241        SH:  0    Dex: 12    Spells: 7/15 levels left

rFire    + . .     SeeInvis .   a - +1 dagger (venom)
rCold    . . .     Gourm    .   (no shield)
rNeg     . . .     Faith    .   (armour unavailable)
rPois    .         Spirit   .   (helmet restricted)
rElec    .         Reflect  .   (no cloak)
rCorr    .         Harm     .   (no gloves)
MR       .....                  (no boots)
Stlth    ++........             (no amulet)
HPRegen  0.19/turn              h - ring of fire {rF+, rC-}
MPRegen  0.14/turn              e - +3 ring of intelligence

@: no status effects
A: breathe frost, unfitting armour, cold resistance 1, cold-blooded, AC +6
a: Breathe Frost


You were on level 5 of the Dungeon.
You were not hungry.

You visited 1 branch of the dungeon, and saw 5 of its levels.

You collected 241 gold pieces.

Inventory:

Hand Weapons
 a - a +1 dagger of venom (weapon)
   (You took it off a kobold on level 1 of the Dungeon)
 f - a +0 hunting sling
   (You found it on level 1 of the Dungeon)
Missiles
 k - 104 stones (quivered)
Jewellery
 e - a +3 ring of intelligence (right hand)
   (You found it on level 1 of the Dungeon)
 h - a ring of fire (left hand) {rF+, rC-}
   (You found it on level 1 of the Dungeon)
 l - an uncursed ring of flight {unknown}
   (You found it on level 2 of the Dungeon)
Wands
 n - a wand of acid (6)
   (You found it on level 2 of the Dungeon)
Scrolls
 d - 4 scrolls of enchant weapon {unknown}
 g - 3 scrolls of immolation {unknown}
 i - 7 scrolls of identify {unknown}
 m - 6 scrolls of teleportation {unknown}
 p - a scroll of magic mapping {unknown}
 q - 3 scrolls of remove curse {unknown}
 u - a scroll of blinking {unknown}
 v - a scroll of amnesia {unknown}
Potions
 j - 2 potions of magic {unknown}
 o - a potion of might {unknown}
 r - a potion of lignification {unknown}
 s - 2 potions of invisibility {unknown}
 t - a potion of cancellation {unknown}
 w - a potion of agility {unknown}
Comestibles
 b - 7 rations


   Skills:
 - Level 3.0 Short Blades
 - Level 1.7 Dodging
 - Level 1.7 Stealth
 + Level 4.0 Spellcasting
 * Level 5.6 Conjurations
 * Level 5.3 Fire Magic


You had 7 spell levels left.
You knew the following spells:

 Your Spells              Type           Power        Failure   Level  Hunger
a - Flame Tongue          Conj/Fire      #####        1%          1    None
b - Conjure Flame         Conj/Fire      #####...     4%          3    ###....
c - Sticky Flame          Conj/Fire      #####...     14%         4    ####...

Your spell library contained the following spells:

 Spells                   Type           Power        Failure   Level  Hunger
 Throw Flame              Conj/Fire      #####.       1%          2    #......
 Inner Flame              Hex/Fire       ###.....     13%         3    ###....
 Fireball                 Conj/Fire      #####.....   36%         5    ######.


Dungeon Overview and Level Annotations

Branches:
Dungeon (5/15)
 Temple: D:4-7

Altars:
Dithmenos
Fedhas
Makhleb
Okawaru
Xom


Innate Abilities, Weirdness & Mutations

You can breathe waves of freezing cold.
You can buffet flying creatures when you breathe cold.
Your icy white scales are hard. (AC +6)
You cannot fit into any form of body armour.
Your flesh is cold resistant. (rC+)
You are cold-blooded and may be slowed by cold attacks.


Message History

You feel a surge of power!
The flame tongue hits the bullfrog skeleton!
You destroy the bullfrog skeleton!
You have reached level 8!
You feel agile.
You now have 241 gold pieces (gained 8).
A centaur and a zombie come into view.
Casting: Flame Tongue (safe; 1% risk of failure)
Confirm with . or Enter, or press ? or * to list all spells.
Aiming: Flame Tongue (safe; 1% risk of failure)
Press: ? - help, Shift-Dir - straight line, f - leopard gecko zombie
Aim: a leopard gecko zombie (resting)
You feel a surge of power!
The flame tongue hits the leopard gecko zombie!
You destroy the leopard gecko zombie!
You hear a distant slurping noise.
There is an iron altar of Okawaru here.
An orc priest comes into view.
An orc warrior comes into view.
It is wielding a +0 hand axe and wearing a +0 plate armour of fire resistance.
An orc priest and a skeleton come into view.
An orc wizard comes into view. It is wielding a +0 dagger.
The helpless centaur fails to defend itself.
You puncture the centaur!
The centaur is poisoned.
You tail-slap the centaur.
The centaur is severely wounded.
The orc priest shouts!
The orc wizard shouts!
The centaur closely misses you.
The orc priest shouts!
Casting: Flame Tongue (safe; 1% risk of failure)
Confirm with . or Enter, or press ? or * to list all spells.
Aiming: Flame Tongue (safe; 1% risk of failure)
Press: ? - help, Shift-Dir - straight line, f - orc priest
Aim: an orc priest You feel a surge of power!
The flame tongue hits the orc priest.
The orc priest is moderately wounded.
The centaur hits you!
The orc wizard mumbles some strange words.
The orc wizard seems to speed up.
The centaur hits you but does no damage.
Casting: Flame Tongue (safe; 1% risk of failure)
Confirm with . or Enter, or press ? or * to list all spells.
Aiming: Flame Tongue (safe; 1% risk of failure)
Press: ? - help, Shift-Dir - straight line, f - orc warrior, p - orc priest
Aim: an orc warrior, wielding a +0 hand axe and wearing a +0 plate armour of fire resistance You feel a surge of power!
The flame tongue hits the orc warrior.
The orc warrior resists.
The orc warrior is lightly wounded.
The centaur closely misses you. The orc warrior barely misses you.
Casting: Flame Tongue (safe; 1% risk of failure)
Confirm with . or Enter, or press ? or * to list all spells.
Aiming: Flame Tongue (safe; 1% risk of failure)
Press: ? - help, Shift-Dir - straight line, f/p - orc warrior
Aim: an orc warrior, wielding a +0 hand axe and wearing a +0 plate armour of fire resistance (lightly wounded)
You feel a surge of power!
The flame tongue misses the orc warrior.
The centaur barely misses you. The orc priest closely misses you.
The orc warrior hits you with a +0 hand axe!
The centaur hits you but does no damage.
Casting: Flame Tongue (safe; 1% risk of failure)
Confirm with . or Enter, or press ? or * to list all spells.
Aiming: Flame Tongue (safe; 1% risk of failure)
Press: ? - help, Shift-Dir - straight line, f/p - orc warrior
Aim: an orc warrior, wielding a +0 hand axe and wearing a +0 plate armour of fire resistance (lightly wounded)
You feel a surge of power!
The flame tongue hits the orc warrior.
The orc warrior resists.
The orc warrior is lightly wounded.
You kill the centaur!
Your Spellcasting skill increases to level 4!
The bullfrog skeleton barely misses you.
The orc priest calls down the wrath of Beogh upon you.
Pain shoots through your body!
The orc warrior hits you with a +0 hand axe!
* * * LOW HITPOINT WARNING * * *
The bullfrog skeleton barely misses you.
The orc priest casts a cantrip, but nothing happens.
The orc priest calls upon Beogh to heal the orc warrior.
The orc warrior's wounds heal themselves!
The orc wizard closely misses you.
The orc wizard points at you and mumbles some strange words.
The puff of flame hits you. You resist.
* * * LOW HITPOINT WARNING * * *
The orc wizard gestures at you while chanting.
The puff of frost hits you!
* * * LOW HITPOINT WARNING * * *
The orc wizard hits you with a +0 dagger.
* * * LOW HITPOINT WARNING * * *
There is an iron altar of Okawaru here.
The orc priest calls upon Beogh to heal something.
The orc wizard gestures at you while chanting.
The magic dart hits you.
* * * LOW HITPOINT WARNING * * *
The orc wizard gestures at you while chanting.
The puff of flame hits you. You resist.
* * * LOW HITPOINT WARNING * * *
The orc wizard casts a spell.
The orc wizard flickers and vanishes!
Deactivating autopickup; reactivate with Ctrl-A.
The bullfrog skeleton misses you.
A puff of frost appears from out of thin air!
The puff of frost hits you.
You die...

######.......#
#......#####.#
#.####.# #.# #.#
#.### #.# #.#
##...# #.# #
##.###....###.### #
#....o._.o......#
###.###....###....#
.o..# #...## #.Z@.#
..Z.# ###.# #....#
##### #.####....#
...# #.........#
)..# #.........#
..... ###########
......# .......
.......


You could see an orc warrior and a bullfrog skeleton.

Vanquished Creatures
  An ogre (D:4)
  3 phantoms
  2 centaurs
  A crimson imp (D:5)
  2 orc priests
  3 hounds (D:4)
  A bullfrog skeleton (D:5)
  4 orc wizards
  3 worker ants
  A hound skeleton (D:4)
  A worker ant zombie (D:5)
  6 adders
  4 worms
  3 dart slugs
  3 leopard geckos
  17 orcs
  3 giant cockroaches
  10 goblins
  8 hobgoblins
  2 jackals (D:1)
  2 quokkas
  2 ball pythons
  11 bats
  5 frilled lizards
  5 kobolds
  A leopard gecko zombie (D:5)
  3 rats
107 creatures vanquished.

Notes
Turn   | Place    | Note
-------+----------+-------------------------------------------
     0 | D:1      | sankara the Draconian Fire Elementalist began the quest for
                  | the Orb.
     0 | D:1      | Reached XP level 1. HP: 14/14 MP: 3/3
   267 | D:1      | Reached XP level 2. HP: 15/20 MP: 0/5
   631 | D:1      | Reached skill level 2 in Conjurations
   763 | D:1      | Reached XP level 3. HP: 25/26 MP: 3/6
   768 | D:1      | Learned a level 3 spell: Conjure Flame
  1711 | D:2      | Reached XP level 4. HP: 28/33 MP: 3/7
  1864 | D:2      | Found a shimmering altar of Xom.
  1873 | D:2      | Reached skill level 1 in Short Blades
  1916 | D:2      | Found a burning altar of Makhleb.
  1959 | D:2      | Reached skill level 4 in Fire Magic
  2274 | D:3      | Noticed an orc warrior
  2403 | D:2      | HP: 3/33 [orc warrior/cursed +0 short sword (12)]
  2825 | D:3      | Reached skill level 3 in Conjurations
  2825 | D:3      | Reached XP level 5. HP: 22/38 MP: 1/8
  3511 | D:3      | Found a blossoming altar of Fedhas.
  3644 | D:4      | Noticed a phantom
  3657 | D:4      | Killed a phantom
  3657 | D:4      | Reached skill level 3 in Spellcasting
  3657 | D:4      | Reached XP level 6. HP: 29/45 MP: 1/10
  3757 | D:4      | Learned a level 4 spell: Sticky Flame
  3886 | D:4      | Reached skill level 2 in Short Blades
  3889 | D:4      | Reached skill level 4 in Conjurations
  3889 | D:4      | Reached skill level 5 in Fire Magic
  4094 | D:4      | Your scales start taking on an icy white colour.
  4094 | D:4      | Reduced skill Fire Magic to level 4
  4094 | D:4      | Reached XP level 7. HP: 50/50 MP: 5/12
  4094 | D:4      | Gained mutation: Your flesh is cold resistant. (rC+) [White
                  | Draconian growth]
  4114 | D:4      | Found a shadowy altar of Dithmenos.
  4230 | D:4      | You fall through a shaft!
  4230 | D:5      | Entered Level 5 of the Dungeon
  4476 | D:4      | Reached skill level 5 in Conjurations
  4839 | D:4      | Reached skill level 3 in Short Blades
  4839 | D:4      | Reached skill level 5 in Fire Magic
  5158 | D:5      | Found an iron altar of Okawaru.
  5165 | D:5      | Reached XP level 8. HP: 53/57 MP: 6/13
  5211 | D:5      | Reached skill level 4 in Spellcasting
  5218 | D:5      | HP: 8/57 [orc wizard/puff of frost (7)]
  5222 | D:5      | HP: 2/57 [orc wizard/magic dart (6)]
  5228 | D:5      | Killed from afar by an orc wizard

Skill      XL: |  1  2  3  4  5  6  7  8 |
---------------+-------------------------+-----
Conjurations   | 2 3 4 5 |  5.6
Short Blades   | 1 2 3 |  3.0
Fire Magic     | 4 4 5 |  5.3
Spellcasting   | 3 4 |  4.0
Dodging        | |  1.7
Stealth        | |  1.7

Action                   |  1- 3 |  4- 6 |  7- 9 || total
-------------------------+-------+-------+-------++-------
Melee: Short sword       |    15 |       |       ||    15
       Tailslap          |     8 |    10 |     9 ||    27
       Dagger            |    30 |    79 |    78 ||   187
 Cast: Flame Tongue      |    42 |    46 |    63 ||   151
       Sticky Flame      |       |     1 |       ||     1
 Stab: Sleeping          |       |     1 |     1 ||     2
  Eat: Chunk             |     3 |     8 |     3 ||    14
Armor: Skin              |    32 |    21 |    31 ||    84
Dodge: Dodged            |    50 |    44 |    68 ||   162

Levels and vault maps discovered:
D:1:      dpeg_arrival_tiny_i, layout_loops_ring
D:2:      layout_rooms, marbit_many_paths, brannock_xom_greatest_gift
D:3:      layout_basic, fedhas_altar_1
D:4:      layout_gridville, first_ration, minmay_misc_feat_diagonals,
          grunt_dithmenos_smoke
D:5:      layout_rooms, kennysheep_little_box, nicolae_overflow_crystal_walls

Table legend:
 A = Turns spent in this place as a percentage of turns spent in the entire game.
 B = Non-inter-level travel turns spent in this place as a percentage of non-inter-level travel turns spent in the entire game.
 C = Inter-level travel turns spent in this place as a percentage of turns spent in this place.
 D = Turns resting spent in this place as a percentage of non-inter-level travel turns spent in this place.
 E = Turns spent auto-exploring this place as a percentage of non-inter-level travel turns spent in this place.
 F = Non-inter-level travel turns spent in this place divided by the number of levels of this place that you've seen.
                   A       B       C       D       E      F
               +-------+-------+-------+-------+-------+----------------------
         Total | 100.0 | 100.0 |   2.4 |  47.1 |  32.5 | 1020.6
       Dungeon | 100.0 | 100.0 |   2.4 |  47.1 |  32.5 | 1020.6
               +-------+-------+-------+-------+-------+----------------------

Table legend:
 A = Kills in this place as a percentage of kills in entire the game.
 B = Kills by you in this place as a percentage of kills by you in the entire game.
 C = Kills by friends in this place as a percentage of kills by friends in the entire game.
 D = Other kills in this place as a percentage of other kills in the entire game.
 E = Experience gained in this place as a percentage of experience gained in the entire game.
 F = Experience gained in this place divided by the number of levels of this place that you have seen.
                   A       B       C       D       E      F
               +-------+-------+-------+-------+-------+----------------------
         Total | 100.0 | 100.0 |   N/A |   N/A | 100.0 | 312.4
       Dungeon | 100.0 | 100.0 |   N/A |   N/A | 100.0 | 312.4
               +-------+-------+-------+-------+-------+----------------------
